 Dungeon Crawl Stone Soup version 0.19-a0-1827-g174f941 (webtiles) character file.

1465 poirepourri the Thaumaturge (level 8, -1/41 HPs)
             Began as a Deep Elf Conjurer on Oct 7, 2016.
             Was a Follower of Vehumet.
             Hit by a tomahawk thrown by an orc warrior (17 damage)
             ... on level 5 of the Dungeon.
             The game lasted 00:12:47 (8365 turns).

poirepourri the Thaumaturge (Deep Elf Conjurer)     Turns: 8365, Time: 00:12:47

Health: -1/41      AC:  3    Str:  5    XL:     8   Next: 48%
Magic:  21/25      EV: 14    Int: 28    God:    Vehumet [*.....]
Gold:   234        SH:  0    Dex: 15    Spells: 6 memorised, 10 levels left

rFire  . . .     SeeInvis .     n - +1 dagger (flame)
rCold  . . .     Gourm    .     a - +0 robe
rNeg   . . .     Faith    .     (no shield)
rPois  .         Spirit   .     k - +0 helmet
rElec  .         Dismiss  .     (no cloak)
rCorr  .         Reflect  .     (no gloves)
MR     .....     Harm     .     (no boots)
Stlth  ++........               (no amulet)
                                s - +2 ring of intelligence
                                e - +3 ring of intelligence

@: no status effects
A: no striking features
a: Renounce Religion


You were on level 5 of the Dungeon.
You worshipped Vehumet.
Vehumet was aware of your devotion.
You were not hungry.

You visited 2 branches of the dungeon, and saw 7 of its levels.

You collected 286 gold pieces.
You spent 52 gold pieces at shops.

Inventory:

Hand Weapons
 n - a +1 dagger of flaming (weapon)
Armour
 a - a +0 robe (worn)
 k - a +0 helmet (worn)
Jewellery
 e - a +3 ring of intelligence (left hand)
 h - a +5 ring of slaying
 s - a +2 ring of intelligence (right hand)
Scrolls
 f - a scroll of noise
 l - 2 scrolls of magic mapping
 q - a scroll of remove curse
 t - 2 scrolls of fear
Potions
 g - a potion of haste
 j - 3 potions of cure mutation
 m - a potion of might
 o - a potion of curing
 u - a potion of mutation {unknown}
Books
 b - a book of Conjurations

   Spells                             Type                      Level
   a - Magic Dart                     Conjuration                  1
   b - Searing Ray                    Conjuration                  2
   c - Dazzling Spray                 Conjuration/Hexes            3
   d - Fulminant Prism                Conjuration/Hexes            4
   e - Iskenderun's Mystic Blast      Conjuration                  4
   f - Iskenderun's Battlesphere      Conjuration/Charms           5
Comestibles
 c - 2 bread rations
 d - 4 meat rations
 i - a beef jerky


   Skills:
 - Level 0.2 Fighting
 + Level 3.8 Dodging
 - Level 2.4 Stealth
 + Level 0.2 Unarmed Combat
 * Level 11.3 Spellcasting
 + Level 7.3 Conjurations
 + Level 1.6 Hexes


You had 10 spell levels left.
You knew the following spells:

 Your Spells              Type           Power        Failure   Level  Hunger
a - Magic Dart            Conj           ####         1%          1    None
b - Searing Ray           Conj           ######       1%          2    None
c - Dazzling Spray        Conj/Hex       #####.       1%          3    None
d - Fulminant Prism       Conj/Hex       #####.....   8%          4    None
e - Iskenderun's Mystic   Conj           ######..     1%          4    None
f - Iskenderun's Battles  Conj/Chrm      #####...     21%         5    ###....


Dungeon Overview and Level Annotations

Branches:
Dungeon (6/15)             Temple (1/1) D:4

Altars:
Ashenzari
Dithmenos
Elyvilon
Fedhas
Gozag
Hepliaklqana
Kikubaaqudgha
Nemelex Xobeh
Qazlal
Ru
Sif Muna
Vehumet
Xom
Yredelemnul
Zin
The Shining One

Shops:
D:4 (


Message History

There is a stone staircase leading down here.
Casting: Magic Dart
Confirm with . or Enter, or press ? or * to list all spells.
Aiming: Dazzling Spray
Press: ? - help, Shift-Dir - straight line, f - orc warrior
Aim: an orc warrior, wielding a hand axe and wearing a chain mail The spray of energy hits the orc warrior.
The orc warrior is dazzled.
The orc warrior hits you with a hand axe!
Casting: Dazzling Spray
Confirm with . or Enter, or press ? or * to list all spells.
Aiming: Dazzling Spray
Press: ? - help, Shift-Dir - straight line, f/p - orc warrior
Aim: an orc warrior, wielding a hand axe and wearing a chain mail (blind)
The spray of energy misses the orc warrior.
The orc warrior is no longer blind.
The orc warrior hits you with a hand axe!
The orc warrior completely misses you.
The orc warrior throws a tomahawk.
The tomahawk hits you!
You die...

#..## #.###...# ##..###
#.# ###.# ###...#
##.###[[.######
#####.#####..##..##.....#
....#..##...##..###..=..#
###.##....####..........#
...............####.....#
..#..###.####....##.....#
#.#..# #.# ##.#@######.#
#...## #.# ##..#.## #.#
##..# #.# #..##.o#####.#
#...####.###.####.....#.#
..#..##......# #####.>.#
####..#...#### #####
##.#.### #.#.# #####.#.#


You could see an orc warrior.

Vanquished Creatures
  The ghost of jerryfan the Chiller, an amateur DrIE (D:4)
  A sky beast (D:6)
  An ogre (D:4)
  2 phantoms (D:4)
  A scorpion (D:5)
  2 crimson imps (D:5)
  A jelly (D:5)
  8 orc priests
  An iguana (D:4)
  11 orc wizards
  A worker ant (D:5)
  A worker ant zombie (D:5)
  6 adders
  An adder skeleton (D:4)
  3 worms
  4 dart slugs
  5 leopard geckos
  39 orcs
  7 giant cockroaches
  7 goblins
  15 hobgoblins
  9 jackals
  5 quokkas
  2 ball pythons
  7 bats
  14 frilled lizards
  A jackal skeleton (D:6)
  5 kobolds
  8 rats
169 creatures vanquished.

Vanquished Creatures (others)
  A fulminant prism (D:2)
1 creature vanquished.

Grand Total: 170 creatures vanquished

Notes
Turn   | Place    | Note
-------+----------+-------------------------------------------
     0 | D:1      | poirepourri the Deep Elf Conjurer began the quest for the Orb.
     0 | D:1      | Reached XP level 1. HP: 10/10 MP: 6/6
   175 | D:1      | Reached XP level 2. HP: 15/15 MP: 4/8
   555 | D:1      | Reached skill level 5 in Conjurations
   603 | D:1      | Reached XP level 3. HP: 19/19 MP: 7/10
   687 | D:1      | Learned a level 2 spell: Searing Ray
   691 | D:1      | Learned a level 3 spell: Dazzling Spray
  1143 | D:2      | Reached skill level 4 in Spellcasting
  1281 | D:2      | Reached XP level 4. HP: 24/24 MP: 7/12
  1376 | D:2      | Learned a level 4 spell: Fulminant Prism
  2090 | D:3      | Reached skill level 5 in Spellcasting
  3275 | D:3      | Reached XP level 5. HP: 5/28 MP: 9/15
  3276 | D:3      | Reached skill level 6 in Spellcasting
  3731 | D:3      | Learned a level 4 spell: Iskenderun's Mystic Blast
  3787 | D:4      | Noticed jerryfan's ghost (amateur DrIE)
  4042 | D:4      | Noticed an ogre
  4051 | D:4      | Killed an ogre
  4051 | D:4      | Reached XP level 6. HP: 32/32 MP: 6/17
  4133 | D:4      | Reached skill level 7 in Spellcasting
  4258 | D:4      | Found Tinukyasurgh's Antique Weapon Boutique.
  4264 | D:4      | Bought a glowing dagger for 52 gold pieces
  4336 | D:4      | Killed jerryfan's ghost
  4336 | D:4      | Reached skill level 8 in Spellcasting
  4471 | D:4      | Found a staircase to the Ecumenical Temple.
  4782 | Temple   | Entered the Ecumenical Temple
  4853 | Temple   | Became a worshipper of Vehumet
  4860 | Temple   | Learned a level 5 spell: Iskenderun's Battlesphere
  5041 | D:4      | Reached XP level 7. HP: 36/36 MP: 8/20
  5387 | D:4      | HP: 1/36 [orc priest/divine providence (13)]
  5402 | D:3      | Reached skill level 1 in Hexes
  5775 | D:4      | Reached skill level 9 in Spellcasting
  6337 | D:4      | Reached * piety under Vehumet
  6337 | D:4      | Offered knowledge of Freeze by Vehumet.
  6545 | D:4      | Found a sparkling altar of Nemelex Xobeh.
  6649 | D:5      | Entered Level 5 of the Dungeon
  6654 | D:5      | Reached skill level 10 in Spellcasting
  6654 | D:5      | Reached XP level 8. HP: 41/41 MP: 17/24
  7217 | D:5      | Found a shimmering altar of Xom.
  7620 | D:6      | Reached skill level 11 in Spellcasting
  7663 | D:6      | Offered knowledge of Sandblast by Vehumet.
  7774 | D:6      | Reached ** piety under Vehumet
  8365 | D:5      | Hit by a tomahawk thrown by an orc warrior

Vault maps used:
D:1:      arrival_zaba_pyramid
D:3:      first_bread
D:4:      kennysheep_mini, serial_bayou, serial_bayou_pond_c,
          serial_bayou_pond_b, serial_bayou_pond_b, serial_bayou_crossing,
          serial_bayou_lake_a, serial_bayou_pond_e, serial_shops, shop
D:5:      xom_teletrap_fun
D:6:      marbit_many_paths, gammafunk_temple_overflow_elements, serial_shops,
          nicolae_shop_competitors_out_of_business, shop, kennysheep_little_box,
          minmay_misc_feat_square, minmay_three_doors, uniq_sigmund
Temple:   dpeg_chambers_temple

Skill      XL: |  1  2  3  4  5  6  7  8 |
---------------+-------------------------+-----
Conjurations   | 5 6 7 |  7.3
Spellcasting   | 4 5 6 8 10 11 | 11.3
Dodging        | 3 |  3.8
Hexes          | 1 |  1.6
Fighting       | |  0.2
Stealth        | |  2.4
Unarmed Combat | |  0.2

Action                   |  1- 3 |  4- 6 |  7- 9 || total
-------------------------+-------+-------+-------++-------
Melee: Unarmed           |       |     3 |       ||     3
 Cast: Magic Dart        |    76 |    92 |   154 ||   322
       Searing Ray       |     1 |    21 |    18 ||    40
       Fulminant Prism   |       |     1 |       ||     1
       Dazzling Spray    |       |     6 |     5 ||    11
       Iskenderun's Myst |       |       |     2 ||     2
  Use: Scroll            |     4 |     7 |     6 ||    17
       Potion            |       |     2 |     4 ||     6
  Eat: Chunk             |     1 |       |       ||     1
       Bread ration      |       |     3 |       ||     3
       Meat ration       |       |     1 |       ||     1
       Beef jerky        |       |       |     2 ||     2
       Pizza             |       |       |     1 ||     1
Armor: Robe              |     4 |    13 |     6 ||    23
Dodge: Dodged            |     2 |    31 |    25 ||    58
